 Dungeon Crawl Stone Soup version 0.28-a0-461-g2dc4ca5097 (webtiles) character file.

Game seed: 12876106127133982635

1285 mathmaestro the Ruffian (level 8, -1/79 HPs)
             Began as a Troll Monk on Sept 13, 2021.
             Slain by Duvessa (13 damage)
             ... on level 5 of the Dungeon.
             The game lasted 00:07:29 (3294 turns).

mathmaestro the Ruffian (Troll Monk)                Turns: 3294, Time: 00:07:30

Health: -1/79      AC:  4    Str: 22    XL:     8   Next: 29%
Magic:  7/7        EV: 26    Int:  6    God:
Gold:   60         SH:  0    Dex: 12    Spells: 7/7 levels left

rFire   . . .      SeeInvis .     - Unarmed
rCold   . . .      Faith    .   (no shield)
rNeg    . . .      Spirit   .   a - +0 robe
rPois   .          Reflect  .   (helmet restricted)
rElec   .          Harm     .   (no cloak)
rCorr   .          Rampage  .   (gloves unavailable)
Will    .....                   (boots unavailable)
Stlth   ++........              l - amulet of the acrobat
HPRegen 1.23/turn               (no ring)
MPRegen 0.10/turn               (no ring)

@: acrobatic
A: large, unfitting armour, claws 3, regeneration 1, shaggy fur 1, tough skin 1
a: no special abilities


You were on level 5 of the Dungeon.
You visited 2 branches of the dungeon, and saw 6 of its levels.

You collected 130 gold pieces.
You spent 70 gold pieces at shops.

Inventory:

Hand Weapons
 j - a +0 whip of freezing
Missiles
 d - 7 poisoned darts
 e - 148 stones (quivered)
 i - 23 sling bullets
 k - 36 arrows
 p - 3 boomerangs
Armour
 a - a +0 robe (worn)
Jewellery
 l - an amulet of the acrobat (around neck)
Wands
 b - a wand of iceblast (10)
 h - a wand of paralysis (2)
 q - a wand of mindburst (13)
Scrolls
 g - a scroll of enchant weapon {unknown}
Potions
 c - 3 potions of degeneration
 n - 3 potions of curing
 o - a potion of invisibility {unknown}
 r - a potion of brilliance {unknown}
 s - a potion of might
 t - a potion of haste {unknown}


   Skills:
 + Level 4.9 Fighting
 + Level 4.1 Throwing
 + Level 4.8 Dodging
 - Level 1.0 Stealth
 + Level 5.9 Unarmed Combat


You had 7 spell levels left.
You didn't know any spells.
Your spell library contained the following spells:

 Spells                   Type           Power      Damage    Failure   Level
 Sublimation of Blood     Necr           0%         N/A       58%         2
 Wereblood                Tmut           0%         N/A       58%         2
 Conjure Flame            Conj/Fire      0%         6-21      83%         3
 Frozen Ramparts          Ice            0%         1d2       83%         3
 Ignite Poison            Fire/Tmut/Pois 0%         N/A       83%         3
 Ice Form                 Ice/Tmut       0%         N/A       99%         4
 Sticky Flame             Conj/Fire      0%         2d3       99%         4
 Summon Ice Beast         Ice/Summ       0%         N/A       99%         4
 Summon Hydra             Summ           0%         N/A       100%        7


Dungeon Overview and Level Annotations

Branches:
Dungeon (5/15)             Temple (1/1) D:4

Altars:
Cheibriados
Dithmenos
Gozag
Kikubaaqudgha
Okawaru
Qazlal
Ru
Sif Muna
Wu Jian
Xom

Shops:
D:3 !

Annotations:
D:5 Dowan, Duvessa


Innate Abilities, Weirdness & Mutations

You are too large for most types of armour.
You have claws for hands.
Your natural rate of healing is unusually fast.
You are covered in fur. (AC +1)
You have tough skin. (AC +1)


Message History

The centaur hits you with a +0 dagger.
The centaur kicks you but does no damage.
Duvessa hits you with a +0 rapier. The centaur barely misses you.
The centaur kicks you.
You scratch the centaur but do no damage.
The centaur is severely wounded.
The centaur hits you with a +0 dagger. The centaur kicks you.
Duvessa hits you with a +0 rapier!
You mangle the centaur!!
You kill the centaur!
Duvessa misses you.
You scratch Duvessa but do no damage. You claw Duvessa!
Duvessa is moderately wounded.
Duvessa hits you with a +0 rapier.
You claw Duvessa!
Duvessa is severely wounded.
Duvessa hits you with a +0 rapier.
Dowan points at you and mumbles some strange words.
The puff of frost hits you.
You scratch Duvessa but do no damage.
Duvessa is severely wounded.
Duvessa hits you with a +0 rapier!
Dowan says, "Stay away from my face!"
You claw Duvessa!
Duvessa is almost dead.
Duvessa hits you with a +0 rapier.
You closely miss Duvessa.
Duvessa is almost dead.
Duvessa hits you with a +0 rapier!
* * * LOW HITPOINT WARNING * * *
Dowan closely misses you.
You scratch Duvessa.
Duvessa is almost dead.
Duvessa hits you with a +0 rapier.
* * * LOW HITPOINT WARNING * * *
Dowan hits you with a +0 dagger.
* * * LOW HITPOINT WARNING * * *
Duvessa hits you with a +0 rapier!
You die...

## .# .. # ###
##.####.# #..
.........
##.##.....#
#.#...$)e...#.#
#.......e.....#
#######.#@..:...#
................#
######.##...##.#
#........# #
#.#.......#
#.#.....#.#
#.#.....#...
#.##........
############.#
.#####.


You could see Duvessa and Dowan.

Vanquished Creatures
  Pikel (D:4)
  An ice beast (D:4)
  A necrophage (D:5)
  2 ogres (D:4)
  A centaur (D:5)
  2 lemures (D:4)
  A kobold brigand (D:4)
  A hound (D:4)
  A bullfrog skeleton (D:4)
  An iguana (D:4)
  Natasha (D:4)
  An orc wizard (D:4)
  2 hound skeletons (D:4)
  6 adders
  4 gnolls (D:2)
  2 worms
  A dart slug (D:2)
  9 orcs
  5 bats
  12 endoplasms
  3 giant cockroaches
  7 goblins
  9 hobgoblins
  2 jackals (D:1)
  2 quokkas (D:1)
  9 ball pythons
  A jackal skeleton (D:4)
  4 kobolds
  5 rats
97 creatures vanquished.

Notes
Turn   | Place    | Note
-------+----------+-------------------------------------------
     0 | D:1      | mathmaestro the Troll Monk began the quest for the Orb.
     0 | D:1      | Reached XP level 1. HP: 22/22 MP: 0/0
    79 | D:1      | Reached XP level 2. HP: 24/29 MP: 1/1
   212 | D:1      | Found a faded altar of an unknown god.
   657 | D:2      | Reached XP level 3. HP: 33/36 MP: 2/2
   719 | D:2      | Reached skill level 1 in Throwing
   722 | D:2      | Reached XP level 4. HP: 42/45 MP: 3/3
   814 | D:2      | Found a snail-covered altar of Cheibriados.
  1197 | D:3      | Reached skill level 4 in Unarmed Combat
  1197 | D:3      | Reached XP level 5. HP: 53/53 MP: 4/4
  1570 | D:3      | Found Heqit's Distillery.
  1581 | D:3      | Bought a potion of might for 40 gold pieces
  1581 | D:3      | Bought a potion of curing for 30 gold pieces
  1943 | D:4      | Noticed an ogre
  2059 | D:4      | Killed an ogre
  2060 | D:4      | Reached XP level 6. HP: 49/61 MP: 5/5
  2161 | D:4      | Noticed an air elemental
  2163 | D:4      | Found a stormy altar of Qazlal.
  2172 | D:4      | Noticed a fire elemental
  2245 | D:4      | Found a staircase to the Ecumenical Temple.
  2261 | Temple   | Entered the Ecumenical Temple
  2555 | D:4      | Noticed an ice beast
  2562 | D:4      | Killed an ice beast
  2579 | D:4      | Reached XP level 7. HP: 50/70 MP: 6/6
  2760 | D:4      | Noticed a water elemental
  2820 | D:4      | Noticed Pikel
  2846 | D:4      | Paralysed by Pikel for 6 turns
  2852 | D:4      | HP: 3/70 [Pikel (2)]
  2863 | D:4      | Killed Pikel
  2864 | D:4      | Reached skill level 5 in Unarmed Combat
  2869 | D:4      | Reached XP level 8. HP: 24/79 MP: 7/7
  3092 | D:4      | Noticed Natasha
  3107 | D:4      | Killed Natasha
  3228 | D:5      | Entered Level 5 of the Dungeon
  3276 | D:5      | Noticed Duvessa
  3283 | D:5      | Noticed Dowan
  3294 | D:5      | Slain by Duvessa

Illustrated notes

Levels and vault maps discovered:
D:1:      dpeg_arrival_long_road, layout_rooms, chequers_ecumenical_altar_grove
D:2:      layout_rooms, basic_altar, chequers_serial_rivers_micro_c,
          minmay_pentomino_pile
D:3:      layout_basic, serial_rivers, chequers_serial_rivers_small_3,
          chequers_serial_rivers_small_b, chequers_serial_rivers_small_b,
          chequers_serial_rivers_small_b, chequers_serial_rivers_micro_e,
          serial_shops, nicolae_diamond_shop
D:4:      layout_basic, nicolae_qazlal_style_of_elements,
          minmay_temple_entry_nine_rooms, st_stairs_5, uniq_natasha, uniq_pikel
D:5:      layout_basic, zin_scriptorium, lemuel_tele_altar,
          nicolae_tso_carved_into_rock, uniq_duvessa
Temple:   jpeg_temple_island

Skill      XL: |  1  2  3  4  5  6  7  8 |
---------------+-------------------------+-----
Fighting       | 3 4 |  4.9
Throwing       | 1 2 3 4 |  4.1
Dodging        | 3 4 |  4.8
Unarmed Combat | 4 5 |  5.9
Stealth        | |  1.0

Action                   |  1- 3 |  4- 6 |  7- 9 || total
-------------------------+-------+-------+-------++-------
Melee: Unarmed           |    65 |   158 |    68 ||   291
       Punch             |       |     1 |       ||     1
  Use: Scroll            |       |     8 |       ||     8
       Potion            |       |       |     6 ||     6
 Stab: Sleeping          |     2 |     6 |       ||     8
Armor: Robe              |    15 |    39 |    11 ||    65
Dodge: Dodged            |    23 |    70 |    30 ||   123

Table legend: (Time is in decaauts)
 A = Elapsed time spent in this place.
 B = Non-inter-level travel time spent in this place.
 C = Inter-level travel time spent in this place.
 D = Time resting spent in this place.
 E = Time spent auto-exploring this place.
 F = Levels seen in this place.
 G = Mean time per level.
                   A        B        C        D        E       F      G
               +--------+--------+--------+--------+--------+-----+--------+
         Total |   3340 |   3207 |    133 |    289 |   2210 |   6 |  556.7 |
       Dungeon |   3072 |   2966 |    106 |    289 |   1974 |   5 |  614.4 |
        Temple |    268 |    242 |     26 |      0 |    236 |   1 |  268.0 |
               +--------+--------+--------+--------+--------+-----+--------+

Top non-repeatable levels by time:
     D:4: 988 daAuts
     D:3: 924 daAuts
     D:1: 549 daAuts
     D:2: 547 daAuts
  Temple: 268 daAuts
     D:5: 63 daAuts
